 Dungeon Sprint DCSS version 0.29-a0-838-g385bb11a5b (webtiles) character file.

Game seed: 10547463764828726585

2 purpskrrrp the Charlatan (level 1, -1/15 HPs)
             Began as a Formicid Artificer on July 13, 2022.
             Slain by a quokka (4 damage)
             ... in the Dungeon (Sprint IX: "|||||||||||||||||||||||||||||").
             The game lasted 00:00:21 (22 turns).

purpskrrrp the Charlatan (Formicid Artificer)         Turns: 22, Time: 00:00:21

Health: -1/15      AC:  3    Str: 16    XL:     1   Next: 44%
Magic:  1/1        EV: 11    Int: 10    God:
Gold:   0          SH:  0    Dex: 14    Spells: 0/0 levels left

rFire   . . .      SeeInvis +   a - +0 club
rCold   . . .      Faith    .   (no shield)
rNeg    . . .      Spirit   .   b - +0 leather armour
rPois   .          Reflect  .   (helmet unavailable)
rElec   .          Harm     .   (no cloak)
rCorr   .          Rampage  .   (no gloves)
Will    .....                   (no boots)
Stlth   +.........              (no amulet)
HPRegen 0.05/turn               (no ring)
MPRegen 0.07/turn               (no ring)

@: no status effects
A: permanent stasis, dig shafts and tunnels, antennae 3, four strong arms
a: Dig


You were in the Dungeon.
You visited 1 branch

Inventory:

Hand Weapons
 a - a +0 club (weapon)
Armour
 b - a +0 leather armour (worn)
Wands
 c - a wand of flame (14) (quivered)
 d - a wand of charming (15)
 e - a wand of iceblast (9)
Potions
 f - a potion of curing
 g - a potion of heal wounds
 h - 2 potions of magic


   Skills:
 + Level 1.1 Fighting
 + Level 2.7 Armour
 + Level 0.9 Dodging
 + Level 1.2 Stealth
 + Level 4.1 Evocations


You couldn't memorise any spells.
You didn't know any spells.
Your spell library was empty.

Dungeon Overview and Level Annotations

Branches:
Dungeon (1/1)

Altars:


Innate Abilities, Weirdness & Mutations

You cannot be hasted, slowed, berserked, paralysed or teleported.
You can dig through walls and to a lower floor.
You have a pair of large antennae on your head. (SInv)
Your four strong arms can wield two-handed weapons with a shield.


Message History

Your Evocations skill increases to level 4!
You hit the rat.
You kill the rat!
The kobold throws a stone.
The stone completely misses you.
The kobold throws a stone.
The stone closely misses you.
There is an open door to the Dungeon, spattered with blood here.
You see here a rat corpse.
The kobold hits you but does no damage.
You completely miss the kobold.
The kobold hits you with a +0 short sword. x2
You hit the kobold.
The kobold is moderately wounded.
The kobold hits you with a +0 short sword.
You hit the kobold but do no damage.
The kobold is moderately wounded.
The kobold barely misses you.
You barely miss the kobold.
The kobold is moderately wounded.
The kobold hits you but does no damage.
The kobold hits you with a +0 short sword.
* * * LOW HITPOINT WARNING * * *
Aiming: Throw Flame
Press: ? - help, Q - select action, (/) - cycle Shift-Dir - straight line, f - bat
Aim: a bat (57% to hit)
The puff of flame hits the kobold.
You kill the kobold!
You closely miss the quokka. The quokka barely misses you.
The quokka closely misses you.
You barely miss the quokka. The quokka misses you.
You barely miss the quokka. The quokka closely misses you. x2
You closely miss the quokka. The quokka barely misses you.
The quokka bites you.
* * * LOW HITPOINT WARNING * * *
You hit the quokka.
The quokka is moderately wounded.
The quokka barely misses you.
You closely miss the quokka.
The quokka is moderately wounded.
The quokka bites you.
You die...

{
▓+▓
▓.▓
▓.▓
▓b▓
▓r▓
▓@▓
▓†▓
▓.▓
▓.▓
▓.▓
▓<▓
▓▓▓


You could see a quokka and a bat.

Vanquished Creatures
  A hobgoblin (D)
  A kobold (D)
  A rat (D)
3 creatures vanquished.

Notes
Turn   | Place    | Note
-------+----------+-------------------------------------------
     0 | D        | purpskrrrp the Formicid Artificer began the quest for the
                  | Orb.
     0 | D        | Reached XP level 1. HP: 15/15 MP: 1/1
     9 | D        | Reached skill level 4 in Evocations
    22 | D        | Slain by a quokka

Illustrated notes

Levels and vault maps discovered:
D:        linesprint [early_d, line_temple, items_1, d_10, items_2, lair_1,
          lair_end, items_3, orc_1, orc_end, items_4, d_15, swamp_1, shoals_1,
          snake_1, spider_1, d_20, vaults_1, items_5, swamp_end, shoals_end,
          snake_end, spider_end, vaults_end, d_27, items_6, zot_1, zot_end,
          crypt_end, forest_end, elf_end, slime_end, tomb_end, abyss_end,
          pan_hell_end]

Skill      XL: |  1 |
---------------+----+-----
Evocations     | 4 |  4.1
Fighting       | |  1.1
Armour         | |  2.7
Dodging        | |  0.9
Stealth        | |  1.2

Action                   || total
-------------------------++-------
Melee: Club              ||    16
Evoke: Wand              ||     1
Armor: Leather armour    ||     2
Dodge: Dodged            ||    14

Table legend: (Time is in decaauts)
 A = Elapsed time spent in this place.
 B = Non-inter-level travel time spent in this place.
 C = Inter-level travel time spent in this place.
 D = Time resting spent in this place.
 E = Time spent auto-exploring this place.
 F = Levels seen in this place.
 G = Mean time per level.
                   A        B        C        D        E       F      G
               +--------+--------+--------+--------+--------+-----+--------+
         Total |     26 |     26 |      0 |      0 |      0 |   1 |   26.0 |
       Dungeon |     26 |     26 |      0 |      0 |      0 |   1 |   26.0 |
               +--------+--------+--------+--------+--------+-----+--------+

Top non-repeatable levels by time:
       D: 26 daAuts
